 Dungeon Crawl Stone Soup version 0.22.1-2-g9c5b331 (webtiles) character file.

53 wyoknott the Stinger (level 3, -7/24 HPs)
             Began as a Demonspawn Venom Mage on Nov 28, 2018.
             Mangled by Sigmund
             ... wielding a +0 scythe
              (10 damage)
             ... on level 2 of the Dungeon.
             The game lasted 00:10:29 (2498 turns).

wyoknott the Stinger (Demonspawn Venom Mage)        Turns: 2498, Time: 00:10:29

Health: -7/24      AC:  5    Str:  9    XL:     3   Next: 64%
Magic:  0/6        EV: 12    Int: 16    God:
Gold:   116        SH:  0    Dex: 13    Spells: 4/7 levels left

rFire    . . .     SeeInvis .   h - +1 dagger
rCold    . . .     Gourm    .   (no shield)
rNeg     . . .     Faith    .   a - +1 robe
rPois    .         Spirit   .   (no helmet)
rElec    .         Reflect  .   (no cloak)
rCorr    .         Harm     .   (no gloves)
MR       .....                  (no boots)
Stlth    +.........             (no amulet)
HPRegen  0.08/turn              (no ring)
MPRegen  0.10/turn              (no ring)

@: confused
A: talons 1, thin metallic scales 1
a: no special abilities


You were on level 2 of the Dungeon.
You were not hungry.

You visited 1 branch of the dungeon, and saw 2 of its levels.

You collected 116 gold pieces.

Inventory:

Hand Weapons
 h - a +1 dagger (weapon)
Missiles
 k - 2 tomahawks (quivered)
Armour
 a - a +1 robe (worn)
 b - a +0 shield
Wands
 f - a wand of random effects (22)
Scrolls
 g - 2 scrolls of identify
 i - 2 scrolls of remove curse
 j - a scroll of enchant weapon
Potions
 d - a potion of heal wounds
 e - a potion of brilliance
Comestibles
 c - a ration


   Skills:
 + Level 0.1 Fighting
 + Level 0.1 Short Blades
 + Level 2.2 Dodging
 + Level 2.0 Stealth
 + Level 0.1 Unarmed Combat
 + Level 2.5 Spellcasting
 + Level 1.7 Conjurations
 + Level 3.4 Poison Magic


You had 4 spell levels left.
You knew the following spells:

 Your Spells              Type           Power        Failure   Level  Hunger
a - Sting                 Conj/Pois      ##..         7%          1    #......
b - Poisonous Vapours     Pois/Air       #.....       14%         2    ##.....

Your spell library contained the following spells:

 Spells                   Type           Power        Failure   Level  Hunger
 Mephitic Cloud           Conj/Pois/Air  #.......     28%         3    ###....
 Olgreb's Toxic Radiance  Pois           ##......     43%         4    #####..
 Venom Bolt               Conj/Pois      ##........   88%         5    ######.


Dungeon Overview and Level Annotations

Branches:
Dungeon (2/15)

Altars:
Hepliaklqana

Annotations:
D:2 Sigmund


Innate Abilities, Weirdness & Mutations

You have sharp toenails.
You are partially covered in thin metallic scales. (AC +2)


Message History

Sigmund is severely wounded.
Sigmund looks more healthy.
Sigmund barely misses you.
You barely miss Sigmund. You claw Sigmund.
Sigmund is severely wounded.
You hit Sigmund. You claw Sigmund, but do no damage.
Sigmund is almost dead.
Sigmund points at you and mumbles some strange words.
The magic dart hits you!
* * * LOW HITPOINT WARNING * * *
Casting: Sting (safe; 7% risk of failure)
Confirm with . or Enter, or press ? or * to list all spells.
Aiming: Sting (safe; 7% risk of failure)
Press: ? - help, Shift-Dir - straight line, f/p - Sigmund
Aim: Sigmund, wielding a scythe and wearing an embroidered robe (almost dead)
The sting misses Sigmund.
Sigmund gestures at you while chanting.
You are confused.
You're too confused!
Sigmund hits you from afar with a scythe!
You die...

#########
#.......################
#.....@.@..............##
#......#.############....
### ###.###..#.# #.###
... #...###..#.# #####.#
...####....##.....
#.....#
#........_......#.
#.###.#
...)..##....###...# #.#
#.### #.....###...# ## ##
#.# #.... ##.#..###.###
#.# ##.#.


You could see Sigmund.

Vanquished Creatures
  An adder (D:2)
  A worm (D:2)
  A leopard gecko (D:1)
  2 giant cockroaches (D:1)
  6 goblins
  3 hobgoblins
  2 jackals (D:2)
  8 bats
  4 frilled lizards
  2 kobolds (D:2)
  15 rats
45 creatures vanquished.

Notes
Turn   | Place    | Note
-------+----------+-------------------------------------------
     0 | D:1      | wyoknott the Demonspawn Venom Mage began the quest for the
                  | Orb.
     0 | D:1      | Reached XP level 1. HP: 13/13 MP: 3/3
   638 | D:1      | Gained mutation: You are partially covered in thin metallic
                  | scales. (AC +2) [demonic ancestry]
   638 | D:1      | Reached XP level 2. HP: 16/19 MP: 0/5
  1451 | D:1      | Learned a level 2 spell: Poisonous Vapours
  1721 | D:2      | Gained mutation: You have sharp toenails. [demonic
                  | ancestry]
  1721 | D:2      | Reached XP level 3. HP: 24/24 MP: 2/6
  2068 | D:2      | Found a hazy altar of Hepliaklqana.
  2082 | D:2      | Noticed Sigmund
  2290 | D:2      | Found a faded altar of an unknown god.
  2498 | D:2      | Mangled by Sigmund

Skill      XL: |  1  2  3 |
---------------+----------+-----
Dodging        | 2 |  2.2
Stealth        | 2 |  2.0
Fighting       | |  0.1
Short Blades   | |  0.1
Unarmed Combat | |  0.1
Spellcasting   | |  2.5
Conjurations   | |  1.7
Poison Magic   | |  3.4

Action                   || total
-------------------------++-------
Melee: Unarmed           ||    54
       Dagger            ||    44
       Kick              ||     9
 Cast: Sting             ||    77
  Use: Scroll            ||     5
 Stab: Sleeping          ||     3
  Eat: Ration            ||     2
Armor: Robe              ||    46
Dodge: Dodged            ||   112
